 Dungeon Crawl Stone Soup version 0.24-a0-512-g2b48af375b (webtiles) character file.

Game seed: 16473306752307680128

214 Mithandil the Conjurer (level 5, -1/28 HPs)
             Began as a Deep Elf Conjurer on July 20, 2019.
             Was a Follower of Sif Muna.
             Killed from afar by Sigmund (7 damage)
             ... with a puff of flame
             ... on level 3 of the Dungeon.
             The game lasted 00:22:59 (3329 turns).

Mithandil the Conjurer (Deep Elf Conjurer)          Turns: 3329, Time: 00:23:00

Health: -1/28      AC:  8    Str:  6    XL:     5   Next: 60%
Magic:  14/14      EV: 13    Int: 20    God:    Sif Muna [*.....]
Gold:   106        SH:  0    Dex: 15    Spells: 7/13 levels left

rFire    . . .     SeeInvis .   a - +1 dagger (venom)
rCold    . . .     Gourm    .   (no shield)
rNeg     . . .     Faith    .   e - +0 leather armour
rPois    .         Spirit   .   (no helmet)
rElec    .         Reflect  .   g - +0 cloak
rCorr    .         Harm     .   (no gloves)
MR       .....                  (no boots)
Stlth    ++........             (no amulet)
HPRegen  0.09/turn              j - +4 ring of protection
MPRegen  0.14/turn              (no ring)

@: no status effects
A: no striking features
a: Channel Magic, Renounce Religion


You were on level 3 of the Dungeon.
You worshipped Sif Muna.
Sif Muna was aware of your devotion.
You were hungry.

You visited 1 branch of the dungeon, and saw 4 of its levels.

You collected 106 gold pieces.

Inventory:

Hand Weapons
 a - a +1 dagger of venom (weapon)
 b - a +0 short sword
Missiles
 l - 6 boomerangs (quivered)
 n - 7 atropa-tipped darts
Armour
 e - a +0 leather armour (worn)
 g - a +0 cloak (worn)
Jewellery
 j - a +4 ring of protection (left hand)
Scrolls
 h - 4 scrolls of identify
 i - a scroll of teleportation {unknown}
 r - a scroll of amnesia {unknown}
 s - a scroll of enchant weapon {unknown}
 t - a scroll of enchant armour {unknown}
 u - a scroll of blinking {unknown}
 v - a scroll of remove curse {unknown}
Potions
 c - 2 potions of brilliance {unknown}
 d - 3 potions of mutation {unknown}
 f - 2 potions of flight {unknown}
 k - a potion of invisibility {unknown}
 m - a potion of berserk rage {unknown}
 o - 3 potions of magic {unknown}
Comestibles
 p - a chunk of flesh
 q - a ration


   Skills:
 * Level 4.1 Dodging
 + Level 3.4 Stealth
 * Level 4.8 Spellcasting
 * Level 5.5 Conjurations
 + Level 1.2 Fire Magic


You had 7 spell levels left.
You knew the following spells:

 Your Spells              Type           Power        Failure   Level  Hunger
a - Magic Dart            Conj           ####         1%          1    None
b - Searing Ray           Conj           ####..       3%          2    #......
f - Conjure Flame         Conj/Fire      ###.....     14%         3    ##.....

Your spell library contained the following spells:

 Spells                   Type           Power        Failure   Level  Hunger
 Dazzling Spray           Conj/Hex       ###...       19%         3    ##.....
 Iskenderun's Mystic Bla  Conj           ####....     19%         4    ####...
 Mephitic Cloud           Conj/Pois/Air  ##......     26%         3    ##.....
 Blink                    Tloc           N/A          28%         2    #......
 Call Imp                 Summ           #.......     28%         2    #......
 Slow                     Hex            #.......     28%         2    #......
 Force Lance              Conj/Tloc      ###.....     52%         4    ####...
 Fulminant Prism          Conj/Hex       ###.......   52%         4    ####...


Dungeon Overview and Level Annotations

Branches:
Dungeon (4/15)
 Temple: D:4-7

Altars:
Okawaru
Sif Muna
Uskayaw

Annotations:
D:3 Sigmund


Message History

A magic dart appears from out of thin air!
Deactivating autopickup; reactivate with Ctrl-A.
The magic dart hits you.
You are confused.
You bump into the rock wall.
A magic dart appears from out of thin air!
The magic dart hits you.
You bump into the rock wall.
Something hits you.
You feel less confused.
A puff of flame appears from out of thin air!
The puff of flame hits you.
A puff of flame appears from out of thin air!
The puff of flame hits you.
A magic dart appears from out of thin air!
The magic dart hits you.
* * * LOW HITPOINT WARNING * * *
A puff of flame appears from out of thin air!
The puff of flame hits you!
You die...

######
......########################
.....#.<...@................
##..#.############.########
#............ #.#
#...#.##..... #.# .........#
#### #.# .......... #.#
#.##...#### # #.# # .... #.
#.# ....# #..###.########


There were no monsters in sight!

Vanquished Creatures
  A hound (D:4)
  2 orc wizards (D:3)
  4 gnolls (D:2)
  3 adders
  A worm (D:2)
  5 dart slugs
  5 orcs (D:3)
  9 bats
  A giant cockroach (D:1)
  3 goblins
  5 hobgoblins
  4 jackals (D:1)
  4 kobolds
  A quokka (D:2)
  2 ball pythons
  4 frilled lizards
  A jackal zombie (D:3)
  3 rats
58 creatures vanquished.

Notes
Turn   | Place    | Note
-------+----------+-------------------------------------------
     0 | D:1      | Mithandil the Deep Elf Conjurer began the quest for the
                  | Orb.
     0 | D:1      | Reached XP level 1. HP: 10/10 MP: 6/6
   202 | D:2      | Reached XP level 2. HP: 13/15 MP: 5/8
   206 | D:2      | Learned a level 2 spell: Searing Ray
   807 | D:2      | Reached XP level 3. HP: 7/19 MP: 2/10
  1514 | D:2      | Learned a level 3 spell: Conjure Flame
  1714 | D:2      | Found a faded altar of an unknown god.
  1739 | D:2      | Became a worshipper of Uskayaw the Reveler
  1739 | D:2      | Reached * piety under Uskayaw
  1829 | D:2      | Reached ** piety under Uskayaw
  1906 | D:2      | Reached XP level 4. HP: 17/24 MP: 3/12
  1926 | D:2      | Reached skill level 5 in Conjurations
  2207 | D:2      | Found a deep blue altar of Sif Muna.
  2215 | D:2      | Fell from the grace of Uskayaw
  2215 | D:2      | Became a worshipper of Sif Muna the Loreminder
  2384 | D:3      | Found an iron altar of Okawaru.
  2628 | D:3      | Reached XP level 5. HP: 19/28 MP: 9/13
  2773 | D:3      | Reached skill level 1 in Fire Magic
  3226 | D:3      | Reached * piety under Sif Muna
  3310 | D:3      | Noticed Sigmund
  3329 | D:3      | Killed from afar by Sigmund

Levels and vault maps discovered:
D:1:      kennysheep_arrival_forest, layout_loops_ring
D:2:      layout_basic, led_sif_pool, chequers_ecumenical_altar_simple
D:3:      layout_loops_ring, okawaru_trees_1, ashenzari_conservatory_becter,
          roderic_roman_lattice, uniq_sigmund
D:4:      layout_loops_ring, elyvilon_altar_1, lemuel_crystal_altar,
          first_ration

Skill      XL: |  1  2  3  4  5 |
---------------+----------------+-----
Dodging        | 3 4 |  4.1
Spellcasting   | 4 |  4.8
Stealth        | 3 |  3.4
Conjurations   | 5 |  5.5
Fire Magic     | 1 |  1.2

Action                   |  1- 3 |  4- 6 || total
-------------------------+-------+-------++-------
Melee: Dagger            |       |     7 ||     7
 Cast: Magic Dart        |    78 |    71 ||   149
  Use: Scroll            |     1 |       ||     1
  Eat: Ration            |     1 |       ||     1
       Chunk             |       |     3 ||     3
Armor: Robe              |     2 |       ||     2
       Leather armour    |     5 |     7 ||    12
Dodge: Dodged            |    12 |    19 ||    31

Table legend:
 A = Non-vault XP
 B = Vault XP
 C = Vault XP percentage of total XP
 D = Non-vault monster count
 E = Vault monster count
 F = Vault count percentage of total count
                 A         B        C        D         E       F
            +---------+---------+-------+---------+---------+-------
      Total |     307 |       0 |   0.0 |      58 |       0 |   0.0
            +---------+---------+-------+---------+---------+-------
        D:1 |      56 |       0 |   0.0 |      22 |       0 |   0.0
        D:2 |      75 |       0 |   0.0 |      13 |       0 |   0.0
        D:3 |     133 |       0 |   0.0 |      22 |       0 |   0.0
        D:4 |      43 |       0 |   0.0 |       1 |       0 |   0.0
            +---------+---------+-------+---------+---------+-------
